 Dungeon Crawl Stone Soup version 0.30-a0-134-gb40fab5c76 (webtiles) character file.

Game seed: 4722471409375284689

49081 scionoferis the Severer (level 15, -6/189 HPs)
             Began as a Meteoran Berserker on Sept 15, 2022.
             Was the Champion of Trog.
             Mangled by Asterion
             ... wielding a +3 vampiric demon blade
              (9 damage)
             ... on level 1 of the Spider Nest on Sept 19, 2022.
             The game lasted 01:06:20 (7214 turns).

scionoferis the Severer (Meteoran Berserker)        Turns: 7214, Time: 01:06:20

Health: -6/189     AC: 21    Str: 35      XL:     15   Next: 29%
Magic:  16/16      EV: 17    Int:  8 (9)  God:    Trog [******]
Gold:   1078       SH: 12    Dex: 13 (14) Spells: 14/14 levels left

rFire   + . .      SeeInvis +    a - +7 broad axe of Courage {flame, Will++ Str+4}
rCold   . . .      Faith    .    y - +0 kite shield
rNeg    . . .      Spirit   .    h - +6 scale mail of the Forest {Str+4}
rPois   +          Reflect  .    o - +2 helmet
rElec   .          Harm     .    (no cloak)
rCorr   .          Rampage  .    z - +0 pair of gloves
Will    +++..                    r - +0 pair of boots
Stlth   ..........               R - amulet of regeneration
HPRegen 1.21/turn                n - ring "Irghon" {rPois rF+ SInv}
MPRegen 0.15/turn                I - +4 ring of evasion

@: berserking, glowing, very quick
A: sense surroundings 2, otherworldly, glowing, explore regen, deterioration 1
a: Renounce Religion, Berserk, Trog's Hand, Brothers in Arms


You were on level 1 of the Spider Nest.
You worshipped Trog.
Trog was exalted by your worship.
You visited 4 branches of the dungeon, and saw 16 of its levels.

You collected 1078 gold pieces.

Inventory:

Hand Weapons
 a - the +7 broad axe of Courage (weapon) {flame, Will++ Str+4}
   (You acquired it on level 8 of the Dungeon)

   It burns those it strikes, dealing additional fire damage.
   Big, fiery blades are also staple armaments of hydra-hunters.
   Str:       It affects your strength (+4).
   Will:      It greatly increases your willpower.
 b - a +0 sling
 M - a +5 antimagic hand axe
 W - a +1 dagger of speed
 X - a +0 arbalest of freezing
Missiles
 B - 2 silver boomerangs
 J - 29 poisoned darts
 O - 12 boomerangs (quivered)
 P - a throwing net
Armour
 h - the +6 scale mail of the Forest (worn) {Str+4}
   (You found it on level 1 of the Lair of Beasts)

   Str:       It affects your strength (+4).
 o - a +2 helmet (worn)
 r - a +0 pair of boots (worn)
 y - a +0 kite shield (worn)
 z - a +0 pair of gloves (worn)
Jewellery
 c - a ring of protection from fire
 g - an amulet of the acrobat
 k - a ring of magical power
 n - the ring "Irghon" (left hand) {rPois rF+ SInv}
   (You acquired it on level 5 of the Dungeon)

   [ring of see invisible]

   rF:        It protects you from fire.
   rPois:     It protects you from poison.
   SInv:      It lets you see invisible.
 I - a +4 ring of evasion (right hand)
 N - a ring of positive energy
 R - an amulet of regeneration (around neck)
Wands
 d - a wand of digging (3)
 p - a wand of paralysis (3)
 w - a wand of quicksilver (3)
 F - a wand of roots (7)
 K - a wand of flame (57)
 L - a wand of polymorph (5)
Scrolls
 e - 2 scrolls of immolation
 f - 6 scrolls of teleportation
 i - 5 scrolls of enchant weapon
 l - 3 scrolls of fear
 m - a scroll of brand weapon
 q - 3 scrolls of fog
 t - 2 scrolls of blinking
 u - 2 scrolls of magic mapping
 x - a scroll of summoning
 C - a scroll of torment
 H - 2 scrolls of enchant armour
 S - 2 scrolls of identify
 U - a scroll of silence
Potions
 j - 3 potions of flight
 s - 2 potions of might {unknown}
 v - 2 potions of heal wounds {unknown}
 A - 2 potions of berserk rage {unknown}
 D - 2 potions of attraction
 E - a potion of resistance {unknown}
 G - 3 potions of haste
 Q - 2 potions of lignification
 T - 3 potions of curing
 V - a potion of ambrosia {unknown}
Miscellaneous
 Y - a phantom mirror


   Skills:
 - Level 10.0 Fighting
 - Level 18.0 Axes
 - Level 10.0 Armour
 + Level 9.0 Dodging
 + Level 12.6 Shields
 * Level 12.3 Evocations


You had 14 spell levels left.
You didn't know any spells.
Your spell library was empty.

Dungeon Overview and Level Annotations

Branches:
Dungeon (9/15) Zot: 1215   Temple (1/1) D:5 Zot: 598    Lair (5/5) D:8 Zot: 80
 Spider (1/4) Lair:3 Zot: 388   Slime (0/5) Lair:5
  Swamp: Lair:2-3    Shoals: Lair:2-3       Orc: D:9-12

Altars:
Cheibriados
Elyvilon
Nemelex Xobeh
Okawaru
Jiyva

Annotations:
Spider:1 Asterion, Donald


Innate Abilities, Weirdness & Mutations

You passively map the area around you.
You are easily found by Zot.
You glow in the dark.
You regain HP and MP as you explore.
Your body sometimes deteriorates upon taking damage.


Message History

Donald completely misses you. Asterion completely misses you.
You block Asterion's attack.
The jumping spider leaps!
A tarantella comes into view.
Your Dodging skill increases to level 9!
You barely miss Donald.
Donald is heavily wounded.
Asterion blocks your attack. You block Donald's attack.
The Executioner gestures.
The Executioner seems to speed up.
Asterion hits you with a +3 vampiric demon blade!!
Your body deteriorates!
You feel clumsy.
Asterion draws strength from your wounds!
Asterion closely misses you.
You slice Donald!! You burn Donald!
Donald is almost dead.
Asterion blocks your attack.
Donald hits you with a +2 long sword of holy wrath!
Asterion blocks your attack.
Asterion is lightly wounded.
You slash Donald! You burn Donald.
Asterion says, "Soon your soul will belong to Makhleb."
Asterion barely misses you. You block Asterion's attack.
You block Donald's attack.
Unknown command.
Asterion blocks your attack.
Asterion is lightly wounded.
You hit Donald. You burn Donald.
Asterion hits you with a +3 vampiric demon blade!!
* * * LOW HITPOINT WARNING * * *
Asterion draws strength from your wounds!
Asterion gores you but does no damage.
Donald hits you with a +2 long sword of holy wrath!!
* * * LOW HITPOINT WARNING * * *
Your body deteriorates!
You feel dopey.
Unknown command.
You slash Asterion! You burn Asterion.
Asterion is lightly wounded.
You hit Donald. You burn Donald.
Asterion hits you with a +3 vampiric demon blade!
You die...

, ,, , .... ...,,,,,....
* ,... #... , , .... , *
.####..##..$ ,.#*#. * *
,..........# .......#. ,,
,
,.###........###.........
, ,..>....!.#..^..#@..
*#. ,, ,
#...s#.#1.#....... # #.
#......H@#...H..#, .. #.
, #.#...@#..#..#.# ......
> , *
##^#.#.......#....... , ,
# ###.....#......#.. , *
#......#....)... * ,, ,
#####..^...#.#.. ,**
##.#|#####..... , , #####
##..#....# .#### * *
.....###........#.### *
......#..#..........#,


You could see Asterion (fast), Donald (fast, strong), an Executioner (summoned,
fast) and a tarantella.

Vanquished Creatures
  Kirke (Spider:1)
  An entropy weaver (Spider:1)
  Josephine (Lair:5)
  3 hydras
  A radroach (Spider:1)
  A catoblepas (Lair:4)
  2 boulder beetles
  3 death yaks (Lair:5)
  3 orb spiders
  3 lindwurms (Lair:5)
  2 wolf spiders (Spider:1)
  8 black mambas
  12 elephants
  22 cane toads
  2 torpor snails (Lair:5)
  Maggie (D:6)
  6 komodo dragons
  3 rime drakes (Lair:5)
  2 polar bears (Lair:4)
  5 tarantellas (Spider:1)
  25 blink frogs
  2 dream sheep (Lair:5)
  A spriggan (Lair:5)
  A culicivora (Spider:1)
  5 jumping spiders (Spider:1)
  Sigmund (D:4)
  3 wraiths (Lair:5)
  2 wyverns
  Eustachio (D:6)
  26 yaks
  10 basilisks
  5 hogs (Spider:1)
  2 vampire mosquitoes (D:7)
  9 redbacks (Spider:1)
  Duvessa (D:7)
  14 water moccasins
  4 black bears
  An orc warrior (D:9)
  An ice beast (D:6)
  13 wolves
  A centaur (D:8)
  3 ogres
  2 phantoms
  2 kobold brigands
  10 bullfrogs
  2 necrophages
  2 scorpions
  Dowan (D:7)
  4 killer bees (D:8)
  3 howler monkeys (D:8)
  5 hounds
  4 orc priests
  2 iguanas
  7 orc wizards
  Robin (D:2)
  11 gnolls
  8 adders
  2 shadow imps
  A white imp (D:5)
  3 ufetubi
  2 dart slugs
  22 orcs
  8 ball pythons
  5 bats
  12 endoplasms
  6 giant cockroaches
  19 goblins
  10 hobgoblins
  8 jackals
  4 quokkas
  9 kobolds
  3 rats
391 creatures vanquished.

Vanquished Creatures (others)
  41 fungi
  26 plants
67 creatures vanquished.

Grand Total: 458 creatures vanquished

Notes
Turn   | Place    | Note
-------+----------+-------------------------------------------
     0 | D:1      | scionoferis the Meteoran Berserker began the quest for the
                  | Orb.
     0 | D:1      | Reached XP level 1. HP: 19/19 MP: 2/2
    28 | D:1      | Reached XP level 2. HP: 17/26 MP: 3/3
    56 | D:1      | Reached skill level 4 in Axes
   164 | D:1      | Reached XP level 3. HP: 26/33 MP: 4/4
   293 | D:1      | Reached ** piety under Trog
   391 | D:2      | Reached skill level 5 in Axes
   391 | D:2      | Reached XP level 4. HP: 36/40 MP: 5/5
   538 | D:2      | Noticed Robin
   549 | D:2      | Killed Robin
   552 | D:2      | Reached XP level 5. HP: 46/46 MP: 6/6
   607 | D:2      | Found a faded altar of an unknown god.
   817 | D:3      | Found an iron altar of Okawaru.
   921 | D:3      | Reached *** piety under Trog
  1121 | D:3      | Reached skill level 6 in Axes
  1134 | D:3      | Reached XP level 6. HP: 41/53 MP: 7/7
  1139 | D:3      | Reached skill level 1 in Shields
  1441 | D:4      | Noticed Sigmund
  1451 | D:4      | Killed Sigmund
  1452 | D:4      | Reached skill level 5 in Fighting
  1452 | D:4      | Reached skill level 7 in Axes
  1452 | D:4      | Reached XP level 7. HP: 61/61 MP: 8/8
  1690 | D:4      | Reached **** piety under Trog
  1697 | D:4      | Reached XP level 8. HP: 68/68 MP: 9/9
  1818 | D:5      | Entered Level 5 of the Dungeon
  1996 | D:4      | Reached skill level 8 in Axes
  2036 | D:5      | Identified a scroll of acquirement
  2037 | D:5      | Acquired the ring "Irghon" {rPois rF+ SInv}
  2040 | D:5      | Upgraded the game from 0.30-a0-122-g2a1322497e to
                  | 0.30-a0-134-gb40fab5c76
  2171 | D:5      | Found a staircase to the Ecumenical Temple.
  2182 | Temple   | Entered the Ecumenical Temple
  2425 | D:5      | Reached skill level 5 in Armour
  2507 | D:6      | Reached skill level 9 in Axes
  2507 | D:6      | Gained mutation: You passively map the area around you.
                  | [Meteoran growth]
  2507 | D:6      | Reached XP level 9. HP: 52/75 MP: 10/10
  2609 | D:6      | Noticed Eustachio
  2621 | D:6      | Killed Eustachio
  2731 | D:6      | Reached skill level 5 in Shields
  2771 | D:6      | Noticed Maggie
  2784 | D:6      | Killed Maggie
  2785 | D:6      | Reached skill level 10 in Axes
  2934 | D:6      | Reached XP level 10. HP: 80/86 MP: 11/11
  3075 | D:7      | Reached ***** piety under Trog
  3100 | D:7      | Noticed Duvessa
  3111 | D:7      | Killed Duvessa
  3117 | D:7      | Noticed Dowan
  3127 | D:7      | Killed Dowan
  3241 | D:7      | Reached skill level 11 in Axes
  3251 | D:7      | Found a white marble altar of Elyvilon.
  3688 | D:8      | Found a sparkling altar of Nemelex Xobeh.
  3721 | D:8      | Found a snail-covered altar of Cheibriados.
  3781 | D:8      | Acquired the +7 broad axe of Courage {flame, Will++ Str+4}
  4058 | D:8      | Found a staircase to the Lair.
  4070 | Lair:1   | Entered Level 1 of the Lair of Beasts
  4070 | Lair:1   | Noticed a cane toad
  4071 | Lair:1   | Identified the +6 scale mail of the Forest {Str+4}
  4080 | Lair:1   | Killed a cane toad
  4143 | Lair:1   | Reached skill level 12 in Axes
  4157 | Lair:1   | Reached XP level 11. HP: 95/95 MP: 12/12
  4222 | Lair:1   | Reached skill level 13 in Axes
  4489 | Lair:1   | Reached XP level 12. HP: 83/105 MP: 13/13
  4516 | Lair:1   | Reached skill level 14 in Axes
  4716 | Lair:2   | Reached skill level 1 in Evocations
  4749 | Lair:2   | Reached skill level 10 in Fighting
  4749 | Lair:2   | Reached skill level 10 in Armour
  5039 | Lair:2   | Reached skill level 15 in Axes
  5069 | Lair:2   | Noticed a lindwurm
  5069 | Lair:2   | Noticed a lindwurm
  5075 | Lair:2   | Noticed a lindwurm
  5105 | Lair:2   | Noticed a lindwurm
  5146 | Lair:3   | Reached skill level 10 in Shields
  5149 | Lair:3   | Reached ****** piety under Trog
  5271 | Lair:3   | Reached skill level 5 in Evocations
  5271 | Lair:3   | Reached XP level 13. HP: 113/113 MP: 14/14
  5310 | Lair:3   | Noticed a four-headed hydra
  5318 | Lair:3   | Killed a one-headed hydra
  5322 | Lair:3   | Found a hole to the Spider Nest.
  5680 | Lair:4   | Reached skill level 5 in Dodging
  5697 | Lair:4   | Noticed a catoblepas
  5707 | Lair:4   | Killed a catoblepas
  5708 | Lair:4   | Reached skill level 16 in Axes
  5966 | Lair:4   | Noticed an eight-headed hydra
  5969 | Lair:4   | Killed a six-headed hydra
  6168 | Lair:4   | Received a gift from Trog
  6175 | Lair:5   | Entered Level 5 of the Lair of Beasts
  6206 | Lair:5   | Reached XP level 14. HP: 121/121 MP: 15/15
  6333 | Lair:5   | Noticed Josephine
  6339 | Lair:5   | Reached skill level 17 in Axes
  6342 | Lair:5   | Killed Josephine
  6528 | Lair:5   | Found a viscous altar of Jiyva.
  6528 | Lair:5   | Found a staircase to the Slime Pits.
  6683 | Lair:5   | Reached skill level 10 in Evocations
  6815 | Lair:5   | Received a gift from Trog
  6946 | Lair:3   | Glimpsed the power of Zot.
  6966 | Spider:1 | Entered Level 1 of the Spider Nest
  7015 | Spider:1 | Reached skill level 18 in Axes
  7015 | Spider:1 | Reached XP level 15. HP: 40/126 MP: 16/16
  7098 | Spider:1 | Gained mutation: Your body sometimes deteriorates upon
                  | taking damage. [mutagenic glow]
  7133 | Spider:1 | Noticed Kirke
  7143 | Spider:1 | Killed Kirke
  7196 | Spider:1 | Noticed Asterion
  7196 | Spider:1 | Noticed Donald
  7207 | Spider:1 | Noticed an Executioner
  7213 | Spider:1 | HP: 3/189 [Donald/+2 long sword of holy wrath (35)]
  7214 | Spider:1 | Mangled by Asterion

Illustrated notes

Levels and vault maps discovered:
D:1:      lightli_arrival_flooded_house, layout_rooms, st_stairs_5
D:2:      kennysheep_six_static_rooms, layout_basic,
          dreamdust_ecumenical_altar_angels_and_demons, minmay_cupped,
          uniq_robin
D:3:      layout_rooms, kennysheep_okawaru_gauntlet
D:4:      layout_gridville, uniq_sigmund
D:5:      layout_basic, nicolae_overflow_hidden_temple,
          minmay_temple_entry_grid, kennysheep_generic_room_15
D:6:      layout_basic, uniq_maggie, uniq_eustachio
D:7:      layout_rooms, elyvilon_altar_3, uniq_duvessa
D:8:      layout_loops_cross, nemelex_spade_bored_becter,
          mainiacjoe_overflow_brackets, lair_entry_dummy, serial_glass,
          glass_columns_a, glass_columns_c, glass_columns_c
D:9:      nicolae_cairo_tiling, layout_cave_pools, serial_shops,
          nicolae_shop_statue_plus, shop, shop, gammafunk_ghost_spectres
Temple:   nicolae_temple_superstar
Lair:1:   layout_hall_layers, dreamdust_mushroom_princess, beast_lair_carwin_5
Lair:2:   layout_cellular_growth, elwin_shoals_entry_rooms, minmay_lindwurm_lava
Lair:3:   layout_regular_city, nicolae_spider_entry_orb_guardian,
          kennysheep_basilisk_garden, grunt_megastairs_3
Lair:4:   layout_loops_ring, nzn_random_ring, grunt_megastairs_4
Lair:5:   hangedman_lair_in_review, layout_small_grid,
          dpeg_slime_entry_enclosed, chequers_serial_rivers_micro_c,
          chequers_serial_rivers_small_3, grunt_forest_large_clearing_hut,
          uniq_josephine
Spider:1: layout_spider_delve, uniq_donald, uniq_asterion, uniq_kirke

Skill      XL: |  1  2  3  4  5  6  7  8  9 10 11 12 13 14 15 |
---------------+----------------------------------------------+-----
Axes           | 4 5 6 7 9 10 12 13 15 16 18 | 18.0
Fighting       | 4 5 6 7 8 9 10 | 10.0
Shields        | 2 4 5 7 8 10 11 12 | 12.6
Armour         | 3 5 6 7 9 10 | 10.0
Evocations     | 5 8 11 12 | 12.3
Dodging        | 4 6 8 9 |  9.0

Action                   |  1- 3 |  4- 6 |  7- 9 | 10-12 | 13-15 || total
-------------------------+-------+-------+-------+-------+-------++-------
Melee: Hand axe          |    72 |   120 |    88 |    27 |       ||   307
       Punch             |     1 |     1 |       |       |       ||     2
       Dagger            |       |    69 |       |       |       ||    69
       War axe           |       |       |   163 |    86 |       ||   249
       Broad axe         |       |       |       |   227 |   416 ||   643
Throw: Boomerang         |       |       |     1 |     1 |       ||     2
       Dart              |       |       |       |     5 |       ||     5
Invok: Berserk           |       |     3 |     2 |     1 |     4 ||    10
       Trog's Hand       |       |     2 |       |     1 |     1 ||     4
Evoke: Wand              |       |       |       |       |     1 ||     1
  Use: Scroll            |       |       |     7 |    12 |     1 ||    20
       Potion            |       |       |       |       |     5 ||     5
 Stab: Petrified         |       |       |       |       |     1 ||     1
Armor: Animal skin       |     4 |       |       |       |       ||     4
       Scale mail        |    31 |     7 |       |    67 |   138 ||   243
       Chain mail        |       |    91 |   130 |    30 |       ||   251
       Plate armour      |       |       |       |    61 |       ||    61
Dodge: Dodged            |    36 |    58 |    50 |    88 |   160 ||   392
Block: Kite shield       |       |    22 |   123 |   183 |   192 ||   520

Table legend: (Time is in decaauts)
 A = Elapsed time spent in this place.
 B = Non-inter-level travel time spent in this place.
 C = Inter-level travel time spent in this place.
 D = Time resting spent in this place.
 E = Time spent auto-exploring this place.
 F = Levels seen in this place.
 G = Mean time per level.
                   A        B        C        D        E       F      G
               +--------+--------+--------+--------+--------+-----+--------+
         Total |   7315 |   7040 |    275 |     18 |      0 |  16 |  457.2 |
       Dungeon |   4184 |   4010 |    174 |      0 |      0 |   9 |  464.9 |
        Temple |      1 |      1 |      0 |      0 |      0 |   1 |    1.0 |
          Lair |   2919 |   2818 |    101 |      0 |      0 |   5 |  583.8 |
   Spider Nest |    210 |    210 |      0 |     18 |      0 |   1 |  210.0 |
               +--------+--------+--------+--------+--------+-----+--------+

Top non-repeatable levels by time:
  Lair:5: 725 daAuts
     D:2: 694 daAuts
     D:4: 640 daAuts
     D:6: 596 daAuts
  Lair:2: 560 daAuts
  Lair:3: 557 daAuts
  Lair:4: 545 daAuts
  Lair:1: 531 daAuts
     D:8: 523 daAuts
     D:7: 475 daAuts
     D:5: 467 daAuts
     D:1: 380 daAuts
     D:3: 376 daAuts
Spider:1: 210 daAuts
     D:9: 27 daAuts
